Map: Dywergencja ER

Players

Hary

  • Race: Terran Terran
  • Spawn Location: 5:00

Alwar

  • Race: Protoss Protoss
  • Spawn Location: 5:00

Esharell - Winner!

  • Race: Zerg Zerg
  • League: Platinum
  • Spawn Location: 11:00

Legol - Winner!

  • Race: Protoss Protoss
  • League: Platinum
  • Spawn Location: 11:00

VOD

Have the link to the VOD?

Description

Time

  • Played on: Jan. 8, 2020, 5 p.m.
  • Length: 10:02
Show
View Real Time Build Order
Export as new Build Order

Hary Terran 

Build Orders:  

Get SALT Encoding   

  12  0:00  SCV  
  13  0:13  SCV  
  14  0:19  Supply Depot  
  14  0:25  SCV  
  15  0:41  SCV  
  16  0:45  Barracks  
  16  0:53  SCV  
  16  0:55  Barracks  
  17  1:00  Refinery  
  17  1:14  SCV  
  18  1:27  SCV  
  19  1:46  Barracks Tech Lab  
  19  1:52  SCV  
  20  1:56  Refinery  
  20  1:58  Supply Depot  
  20  2:01  Barracks Tech Lab  
  20  2:05  SCV  
  20  2:07  Marauder  
  23  2:15  Concussive Shells  
  23  2:23  Marauder  
  25  2:43  Marauder  
  27  2:56  SCV  
  28  3:00  Supply Depot  
  28  3:01  Marauder  
  30  3:08  SCV, Factory  
  31  3:21  SCV  
  31  3:22  Marauder x2  
  36  3:28  Supply Depot  
  36  3:43  Reaper  
  36  3:45  Marauder  
  39  3:51  Factory Tech Lab  
  39  3:59  Supply Depot  
  39  4:06  Marauder  
  41  4:10  Siege Tank  
  41  4:16  Marauder  
  46  4:30  Marauder  
  48  4:37  Marauder  
  49  5:04  Siege Tank  
  49  5:06  Marauder  
  54  5:25  Marauder  
  31  5:51  Siege Tank  
  31  5:53  Marauder x2  
  38  6:02  Command Center  
  38  6:14  Marauder x2  
  42  6:23  Siege Tank  
  42  6:24  Starport  
  42  6:25  Supply Depot  
  45  6:35  Marauder  
  45  6:36  Marauder  
  49  6:50  SCV  
  49  6:53  Supply Depot  
  50  6:57  Marauder  
  52  7:02  SCV  
  52  7:06  Starport Tech Lab  
  53  7:10  Fusion Core  
  53  7:14  SCV x2  
  55  7:18  Starport  
  55  7:26  SCV x2  
  55  7:28  Refinery  
  57  7:34  Refinery  
  57  7:38  SCV x2  
  59  7:45  Supply Depot  
  59  7:50  SCV  
  60  8:05  SCV  
  61  8:08  Battlecruiser  
  67  8:17  SCV  
  67  8:18  Starport Tech Lab  
  68  8:30  SCV  
  69  8:42  SCV  
  76  9:04  Starport  
  76  9:24  Command Center  
  42  9:48  Starport Tech Lab  
Show
View Real Time Build Order
Export as new Build Order

Alwar Protoss 

Build Orders: Blink Stalkers 

Get SALT Encoding   

  12  0:01  Probe  
  13  0:13  Probe  
  14  0:21  Pylon  
  14  0:25  Probe  
  15  0:39  Probe  
  16  0:44  Gateway  
  16  1:01  Probe (Chrono Boost)  
  17  1:05  Assimilator  
  17  1:09  Assimilator  
  17  1:11  Probe (Chrono Boost)  
  18  1:13  Pylon  
  18  1:16  Probe (Chrono Boost)  
  19  1:29  Probe  
  20  1:33  Cybernetics Core  
  20  1:35  Gateway  
  20  1:41  Probe  
  21  1:54  Probe, Gateway  
  22  2:06  Probe  
  23  2:08  Warp Gate (Chrono Boost)  
  23  2:09  Stalker  
  25  2:22  Twilight Council  
  25  2:30  Stalker  
  27  2:41  Pylon  
  27  2:53  Blink (Chrono Boost)  
  27  2:54  Gateway  
  27  3:11  Pylon  
  27  3:23  Pylon  
  27  3:34  Gateway  
  27  3:37  Pylon  
  27  3:42  Pylon  
  27  3:52  Gateway  
  27  4:00  Stalker  
  27  4:01  Stalker  
  27  4:02  Stalker  
  32  4:15  Stalker  
  34  4:24  Stalker x2  
  38  4:39  Stalker  
  40  4:48  Stalker x2  
  44  4:58  Stalker  
  46  5:05  Stalker  
  48  5:16  Stalker  
  34  5:43  Stalker x3  
  30  6:32  Probe (Chrono Boost)  
  31  6:33  Stargate x2, Nexus  
  31  6:37  Assimilator  
  31  6:41  Probe (Chrono Boost)  
  31  6:43  Assimilator  
  32  6:48  Probe  
  33  6:57  Pylon  
  33  7:06  Pylon  
  33  7:15  Robotics Facility  
  33  7:18  Forge  
  33  7:32  Void Ray (Chrono Boost)  
  37  7:38  Probe  
  38  7:50  Probe  
  38  7:51  Void Ray (Chrono Boost)  
  43  8:03  Probe x2  
  45  8:12  Photon Cannon  
  45  8:15  Probe x2  
  47  8:26  Pylon  
  47  8:29  Probe x2  
  49  8:43  Void Ray (Chrono Boost)  
  53  8:49  Observer  
  54  9:10  Nexus  
  54  9:19  Pylon  
  58  9:50  Photon Cannon  
  58  9:52  Photon Cannon  
Show
View Real Time Build Order
Export as new Build Order

Esharell Zerg - Winner!

Build Orders: Pool First 

Get SALT Encoding   

  12  0:01  Drone  
  13  0:13  Overlord  
  13  0:17  Drone  
  14  0:31  Drone x2  
  16  0:36  Drone  
  17  0:50  Spawning Pool  
  17  0:51  Drone  
  17  0:58  Drone  
  18  1:15  Extractor  
  18  1:16  Hatchery  
  18  1:17  Drone  
  17  1:24  Drone  
  18  1:30  Drone  
  19  1:39  Queen  
  21  1:40  Zergling x2  
  22  1:50  Overlord  
  22  2:09  Drone  
  22  2:13  Drone  
  24  2:17  Queen  
  24  2:21  Metabolic Boost  
  26  2:23  Drone  
  26  2:29  Drone  
  28  2:34  Drone  
  29  2:42  Drone  
  30  2:45  Queen  
  30  2:46  Zergling x2  
  30  2:47  Zergling x6  
  36  3:01  Overlord x2  
  36  3:12  Roach Warren, Drone  
  36  3:32  Drone  
  36  3:33  Drone x6  
  43  3:55  Zergling x10  
  47  4:01  Zergling x8  
  51  4:08  Overlord x2  
  51  4:19  Spine Crawler  
  50  4:28  Roach  
  50  4:29  Roach x4  
  60  4:48  Lair  
  60  4:50  Overlord  
  60  5:17  Zergling x2  
  60  5:18  Zergling x22  
  72  5:22  Roach  
  65  5:34  Zergling x6  
  50  5:44  Zergling x4  
  48  5:51  Spire  
  48  5:52  Drone  
  48  5:53  Extractor  
  48  5:55  Zergling x2  
  46  6:02  Zergling x2  
  45  6:23  Drone x2  
  47  6:27  Zergling x14  
  47  6:30  Hatchery  
  48  6:52  Overlord  
  48  6:55  Drone x3  
  48  6:56  Extractor  
  48  6:57  Extractor  
  49  7:01  Drone x2  
  51  7:09  Drone  
  51  7:10  Drone  
  53  7:43  Drone  
  53  7:44  Drone x7  
  61  7:47  Mutalisk  
  61  7:48  Mutalisk x2  
  67  7:53  Mutalisk  
  69  7:59  Mutalisk x2  
  73  8:07  Queen  
  73  8:09  Drone x3  
  78  8:15  Mutalisk  
  78  8:17  Extractor  
  78  8:19  Extractor  
  78  8:22  Overseer  
  78  8:25  Drone x3  
  81  8:31  Drone x3  
  81  8:33  Drone  
  81  8:34  Drone x3  
  88  8:42  Overlord x2  
  88  8:55  Overlord x2  
  88  8:57  Zergling x2  
  89  9:09  Drone x3, Spine Crawler  
  91  9:11  Spine Crawler, Drone x3, Mutalisk x3  
  91  9:12  Spine Crawler, Mutalisk x3  
  104  9:17  Zergling x6  
  107  9:37  Mutalisk x5  
  107  9:38  Mutalisk  
  119  9:44  Hatchery  
Show
View Real Time Build Order
Export as new Build Order

Legol Protoss - Winner!

Build Orders:  

Get SALT Encoding   

  12  0:01  Probe  
  13  0:13  Probe  
  14  0:18  Pylon  
  14  0:25  Probe  
  15  0:37  Probe (Chrono Boost)  
  15  0:38  Gateway  
  16  0:49  Probe (Chrono Boost)  
  17  0:53  Assimilator  
  17  0:55  Probe (Chrono Boost)  
  18  1:03  Probe (Chrono Boost)  
  19  1:14  Probe (Chrono Boost)  
  20  1:19  Probe (Chrono Boost)  
  21  1:27  Cybernetics Core  
  21  1:30  Pylon  
  21  1:56  Probe  
  21  1:59  Nexus  
  22  2:06  Stalker  
  24  2:09  Warp Gate  
  24  2:14  Probe, Assimilator  
  25  2:26  Probe  
  26  2:33  Gateway  
  26  2:36  Pylon  
  26  2:38  Probe  
  26  2:40  Stalker (Chrono Boost)  
  29  2:57  Robotics Facility  
  29  3:08  Stalker (Chrono Boost)  
  29  3:11  Probe x2  
  33  3:19  Pylon  
  33  3:22  Stalker  
  33  3:23  Probe  
  33  3:24  Probe  
  37  3:35  Probe  
  37  3:36  Probe  
  37  3:38  Stalker  
  41  3:46  Observer (Chrono Boost)  
  42  4:00  Gateway  
  42  4:01  Immortal (Chrono Boost)  
  42  4:03  Gateway  
  46  4:17  Stalker x2  
  50  4:29  Probe x2  
  52  4:34  Pylon  
  52  4:41  Probe x2  
  54  4:51  Stalker x2  
  54  4:52  Immortal (Chrono Boost)  
  62  5:05  Probe x2  
  64  5:08  Shield Battery  
  64  5:17  Probe x2  
  53  5:22  Stalker x3  
  59  5:42  Stalker  
  61  5:51  Probe x2  
  63  5:59  Immortal (Chrono Boost)  
  63  6:03  Probe x2  
  69  6:11  Pylon  
  69  6:14  Pylon  
  69  6:18  Probe (Chrono Boost)  
  70  6:21  Assimilator  
  70  6:26  Pylon, Assimilator  
  70  6:30  Pylon  
  70  6:31  Probe (Chrono Boost)  
  72  6:33  Probe (Chrono Boost), Immortal (Chrono Boost)  
  72  6:35  Probe (Chrono Boost)  
  77  6:41  Probe  
  78  6:55  Stalker x4  
  86  7:09  Probe (Chrono Boost)  
  86  7:15  Probe (Chrono Boost)  
  88  7:17  Forge  
  88  7:25  Immortal  
  92  7:41  Stalker x3, Nexus  
  98  7:45  Pylon  
  98  7:51  Assimilator  
  98  7:55  Assimilator  
  98  7:56  Protoss Ground Weapons Level 1 (Chrono Boost)  
  98  8:00  Photon Cannon  
  98  8:04  Photon Cannon  
  98  8:07  Warp Prism (Chrono Boost)  
  100  8:18  Pylon  
  100  8:32  Photon Cannon  
  100  8:35  Photon Cannon  
  100  8:54  Stalker x4  
  108  9:04  Gateway x2  
  108  9:06  Probe x2  
  110  9:10  Probe  
  111  9:20  Sentry x3  
  111  9:21  Sentry  
  105  9:44  Stalker x3  
  105  9:45  Stalker  
Tags
 
Add a new tag
Caveats
  • Supply blocks, unpowered buildings, or Contaminate may cause inaccurate times.
  • Supply counts are checked every 10 seconds.